 Dungeon Crawl Stone Soup version 0.28.0-53-g5a82cb258f (webtiles) character file.

Game seed: 4093981202095013937

2 Sin92 the Insei (level 1, 0/15 HPs)
             Began as a Demonspawn Transmuter on July 15, 2022.
             Slain by a kobold
             ... wielding a +0 dagger of holy wrath
              (1 damage)
             ... on level 1 of the Dungeon.
             The game lasted 00:00:47 (292 turns).

Sin92 the Insei (Demonspawn Transmuter)              Turns: 292, Time: 00:00:47

Health: 0/15       AC:  2    Str: 10    XL:     1   Next: 33%
Magic:  2/3        EV: 12    Int: 14    God:
Gold:   11         SH:  0    Dex: 13    Spells: 3/4 levels left

rFire   . . .      SeeInvis .   f - +0 dagger
rCold   . . .      Faith    .   (no shield)
rNeg    . . .      Spirit   .   a - +0 robe
rPois   .          Reflect  .   (helmet currently unavailable)
rElec   .          Harm     .   (no cloak)
rCorr   .          Rampage  .   (no gloves)
Will    .....                   (boots currently unavailable)
Stlth   +.........              (no amulet)
HPRegen 0.05/turn               (no ring)
MPRegen 0.08/turn               (no ring)

@: appendages
A: horns 2, talons 2
a: End Transformation


You were on level 1 of the Dungeon.
You had temporarily grown beastly horns and talons.
You visited 1 branch of the dungeon, and saw 1 of its levels.

You collected 11 gold pieces.

Inventory:

Hand Weapons
 f - a +0 dagger (weapon)
Armour
 a - a +0 robe (worn)
Scrolls
 b - a scroll of identify {unknown}
 e - a scroll of fog {unknown}
Potions
 c - a potion of curing {unknown}
 d - a potion of haste {unknown}


   Skills:
 + Level 1.0 Fighting
 + Level 0.1 Armour
 + Level 1.8 Dodging
 - Level 2.6 Unarmed Combat
 + Level 2.0 Spellcasting
 + Level 1.8 Transmutations


You had 3 spell levels left.
You knew the following spells:

 Your Spells              Type           Power      Damage    Failure   Level
a - Beastly Appendage     Tmut           12%        N/A       11%         1

Your spell library contained the following spells:

 Spells                   Type           Power      Damage    Failure   Level
 Wereblood                Tmut           6%         N/A       17%         2
 Magic Dart               Conj           4%         1d3       24%         1
 Call Imp                 Summ           1%         N/A       34%         2
 Spider Form              Tmut/Pois      4%         N/A       43%         3
 Mephitic Cloud           Conj/Pois/Air  1%         N/A       56%         3
 Ice Form                 Ice/Tmut       4%         N/A       85%         4


Dungeon Overview and Level Annotations

Branches:
Dungeon (1/15)

Altars:


Innate Abilities, Weirdness & Mutations

You have temporarily grown beastly horns and talons.


Message History

You are too injured to fight recklessly!
You are too injured to fight recklessly!
You are too injured to fight recklessly!
You are too injured to fight recklessly!
Okay, then.
Casting: Beastly Appendage (safe; 12% risk of failure)
Press: ? - help, Q - select action Dir - look around, f - activate You grow a pair of large bovine horns.
Your feet morph into talons.
The dart slug launches a dart at you. The slug dart misses you.
You hit the dart slug.
The dart slug is almost dead.
You hit the dart slug but do no damage. You claw the dart slug.
You kill the dart slug!
Your transformation is almost over.
You see here a dart slug corpse.
Your horns disappear.
Your talons disappear.
Magic restored.
HP restored.
Found 19 stones.
No target in view!
A kobold comes into view.
It is wielding a +0 dagger of holy wrath.
The kobold shouts!
The kobold throws a stone.
The stone hits you.
A kobold is nearby!
The kobold throws a stone.
The stone barely misses you.
A kobold is nearby!
The kobold hits you with a +0 dagger of holy wrath.
You convulse.
A kobold is nearby!
You closely miss the kobold.
The kobold hits you with a +0 dagger of holy wrath.
You convulse.
* * * LOW HITPOINT WARNING * * *
You are too injured to fight recklessly!
Casting: Beastly Appendage (safe; 11% risk of failure)
Press: ? - help, Q - select action Dir - look around, f - activate You grow a pair of large bovine horns.
Your feet morph into talons.
The kobold hits you with a +0 dagger of holy wrath.
You die...

#.......##.##...###
##..##..###.#...## #
#...........#.#.####
#.####P...[.........
#. #≈P...........P
#.# #≈≈P.........P≈
#.. #≈≈≈P.......P≈≈
#K###≈≈≈≈P.....P≈≈≈
#.@.#≈≈≈≈≈P.<.P≈≈≈≈
##..#≈≈≈≈P.....P≈≈≈
##.#≈≈≈P.......P≈≈
#.#≈≈P.........P≈
#.#≈P...........P
#.#P.............
#.########.#+####
#.########...#
#.#..(.....#.###


You could see a kobold.

Vanquished Creatures
  A dart slug (D:1)
1 creature vanquished.

Notes
Turn   | Place    | Note
-------+----------+-------------------------------------------
     0 | D:1      | Sin92 the Demonspawn Transmuter began the quest for the
                  | Orb.
     0 | D:1      | Reached XP level 1. HP: 15/15 MP: 3/3
   292 | D:1      | Slain by a kobold

Illustrated notes

Levels and vault maps discovered:
D:1:      eino_arrival_druids_welcome, layout_loops_corners

Action                   || total
-------------------------++-------
Melee: Dagger            ||     5
       Kick              ||     1
       Punch             ||     1
 Cast: Beastly Appendage ||     2
Dodge: Dodged            ||     2
